General information
- name: BNet
- type: Ladder team game (AT/RT)
- host: Battle.net
- saver: LukeIamUrAFK
map: MarketSquare
- players: 8
- length: 20:05
- speed: Fast
- version: 1.28 W3XP
- replay type: Public
» download(217 KB)
Players
team 1 (winner)

»
WTFMYTEAMISNOOB (
teal | 71 APM | 1427 actions | 20:04)
5 Archmage
3 Summon Water Elemental
2 Brilliance Aura
4 Firelord
2 Summon Lava Spawn
2 Soul Burn
2 Goblin Alchemist
1 Acid Bomb
1 Healing Spray
» actions
| Assign group hotkey | 29 | |
| Basic commands | 41 | |
| Build / train | 65 | |
| Enter build submenu | 30 | |
| Enter hero's abilities submenu | 11 | |
| Remove unit from queue | 1 | |
| Right click | 510 | |
| Select / deselect | 342 | |
| Select group hotkey | 325 | |
| Use ability | 73 | |
1427 total
» units
| Peasant | 11 | |
| Footman | 9 | |
| Priest | 2 | |
| Sorceress | 2 | |
| Spell Breaker | 1 | |
| Rifleman | 3 | |
| Knight | 2 | |
30 total
» upgrades
| Gunpowder | 1 | |
| Armor | 1 | |
| Sorceress Training | 2 | |
| Priest Training | 2 | |
| Long Rifles | 1 | |
| Swords | 2 | |
9 total
» buildings
| Farm | 12 | |
| Barracks | 2 | |
| Altar of Kings | 1 | |
| Lumber Mill | 3 | |
| Arcane Vault | 1 | |
| Keep | 1 | |
| Town Hall | 1 | |
| Scout Tower | 6 | |
| Arcane Tower | 1 | |
| Guard Tower | 4 | |
| Arcane Sanctum | 2 | |
| Blacksmith | 1 | |
| Castle | 1 | |
36 total
» build order
00:50 Farm
00:56 Farm
01:06 Barracks
01:20 Altar of Kings
01:34 Lumber Mill
01:50 Arcane Vault
02:05 Farm
02:07 Farm
05:08 Keep
06:27 Town Hall
06:30 Scout Tower
06:32 Scout Tower
06:33 Scout Tower
06:35 Scout Tower
06:42 Scout Tower
06:46 Scout Tower
06:51 Lumber Mill
06:55 Lumber Mill
06:59 Arcane Tower
07:03 Guard Tower
07:04 Guard Tower
07:06 Guard Tower
09:00 Guard Tower
10:02 Arcane Sanctum
10:04 Arcane Sanctum
10:09 Barracks
10:13 Blacksmith
10:15 Farm
10:18 Farm
11:03 Castle
12:54 Farm
12:54 Farm
12:57 Farm
12:57 Farm
12:59 Farm
13:01 Farm
» items
| Healing Salve | 1 | |
| Scroll of Town Portal | 1 | |
| Potion of Healing | 1 | |
| Potion of Mana | 1 | |
4 total

»
ProtoGod (
blue | 41 APM | 815 actions | 20:04)
5 Blademaster
3 Wind Walk
2 Critical Strike
4 Tauren Chieftain
2 Shockwave
2 Endurance Aura
1 Shadow Hunter
1 Healing Wave
» actions
| Basic commands | 1 | |
| Build / train | 62 | |
| Enter build submenu | 16 | |
| Enter hero's abilities submenu | 11 | |
| Right click | 355 | |
| Select / deselect | 319 | |
| Use ability | 51 | |
815 total
» units
| Peon | 12 | |
| Grunt | 5 | |
| Tauren | 5 | |
| Shaman | 4 | |
| Troll Witch Doctor | 2 | |
28 total
» upgrades
| Pillage | 1 | |
| Melee Weapons | 3 | |
| Armor | 2 | |
| Berserker Strength | 1 | |
| Shaman Training | 2 | |
| Pulverize | 1 | |
| Witch Doctor Training | 2 | |
12 total
» buildings
| Altar of Storms | 1 | |
| Orc Burrow | 6 | |
| Barracks | 1 | |
| Voodoo Lounge | 1 | |
| War Mill | 1 | |
| Stronghold | 1 | |
| Watch Tower | 2 | |
| Fortress | 1 | |
| Spirit Lodge | 2 | |
| Tauren Totem | 2 | |
18 total
» build order
00:13 Altar of Storms
00:21 Orc Burrow
00:35 Barracks
01:35 Orc Burrow
02:00 Voodoo Lounge
02:58 War Mill
05:09 Stronghold
05:33 Watch Tower
05:52 Orc Burrow
06:47 Watch Tower
07:30 Orc Burrow
09:33 Fortress
10:19 Spirit Lodge
11:06 Orc Burrow
11:50 Spirit Lodge
11:58 Tauren Totem
12:02 Tauren Totem
12:15 Orc Burrow
» items
| Healing Salve | 1 | |
| Lesser Clarity Potion | 1 | |
| Scroll of Town Portal | 3 | |
| Scroll of Healing | 1 | |
| Tiny Great Hall | 1 | |
7 total
LukeIamUrAFK (
yellow | 79 APM | 1589 actions | 20:05)
6 Blood Mage
3 Flame Strike
2 Siphon Mana
1 Summon Phoenix
» actions
| Assign group hotkey | 124 | |
| Basic commands | 33 | |
| Build / train | 79 | |
| Enter build submenu | 33 | |
| Enter hero's abilities submenu | 7 | |
| Remove unit from queue | 1 | |
| Right click | 790 | |
| Select / deselect | 286 | |
| Select group hotkey | 144 | |
| Use ability | 92 | |
1589 total
» units
| Peasant | 23 | |
| Footman | 4 | |
| Sorceress | 10 | |
37 total
» upgrades
| Lumber Harvesting | 2 | |
| Sorceress Training | 2 | |
| Masonry | 3 | |
| Magic Sentry | 1 | |
8 total
» buildings
| Altar of Kings | 1 | |
| Barracks | 1 | |
| Farm | 5 | |
| Scout Tower | 19 | |
| Arcane Tower | 4 | |
| Arcane Vault | 1 | |
| Keep | 1 | |
| Lumber Mill | 1 | |
| Town Hall | 1 | |
| Arcane Sanctum | 2 | |
| Guard Tower | 6 | |
| Castle | 1 | |
43 total
» build order
01:04 Altar of Kings
01:06 Barracks
01:08 Farm
01:10 Farm
01:12 Scout Tower
01:23 Farm
02:04 Arcane Tower
02:21 Farm
02:45 Scout Tower
03:17 Arcane Tower
03:27 Arcane Vault
03:56 Keep
05:34 Lumber Mill
06:34 Town Hall
06:40 Scout Tower
06:40 Scout Tower
06:42 Scout Tower
06:42 Scout Tower
06:43 Scout Tower
06:43 Scout Tower
06:53 Arcane Sanctum
09:02 Guard Tower
09:03 Arcane Tower
09:04 Guard Tower
10:06 Scout Tower
10:09 Scout Tower
10:11 Scout Tower
11:05 Guard Tower
11:11 Scout Tower
11:20 Arcane Sanctum
11:43 Arcane Tower
13:22 Guard Tower
13:28 Scout Tower
13:29 Scout Tower
13:29 Scout Tower
13:30 Scout Tower
13:50 Farm
13:53 Castle
15:23 Guard Tower
15:52 Scout Tower
15:52 Scout Tower
15:53 Scout Tower
16:58 Guard Tower
» items
| Scroll of Regeneration | 2 | |
| Potion of Healing | 5 | |
| Scroll of Town Portal | 2 | |
| Boots of Speed | 1 | |
| Staff of Teleportation | 1 | |
| Potion of Invisibility | 2 | |
| Potion of Lesser Invulnerability | 1 | |
14 total
get-even (
pink | 87 APM | 1752 actions | 20:04)
4 Mountain King
2 Thunder Clap
2 Storm Bolt
» actions
| Assign group hotkey | 20 | |
| Basic commands | 44 | |
| Build / train | 96 | |
| ESC pressed | 9 | |
| Enter build submenu | 53 | |
| Enter hero's abilities submenu | 4 | |
| Give item / drop item | 1 | |
| Right click | 756 | |
| Select / deselect | 408 | |
| Select group hotkey | 257 | |
| Use ability | 104 | |
1752 total
» units
» upgrades
| Backpack | 1 | |
| Swords | 3 | |
| Armor | 3 | |
| Animal War Training | 1 | |
| Storm Hammers | 1 | |
| Masonry | 2 | |
11 total
» buildings
| Altar of Kings | 1 | |
| Farm | 13 | |
| Arcane Vault | 1 | |
| Town Hall | 2 | |
| Lumber Mill | 6 | |
| Keep | 1 | |
| Scout Tower | 22 | |
| Blacksmith | 1 | |
| Guard Tower | 14 | |
| Castle | 1 | |
| Gryphon Aviary | 4 | |
| Barracks | 1 | |
| Arcane Tower | 2 | |
69 total
» build order
00:06 Altar of Kings
00:10 Farm
00:42 Farm
00:54 Arcane Vault
01:05 Farm
03:25 Town Hall
03:29 Lumber Mill
03:30 Lumber Mill
05:12 Keep
05:15 Scout Tower
05:16 Scout Tower
05:31 Scout Tower
05:33 Scout Tower
05:35 Blacksmith
05:48 Guard Tower
05:48 Guard Tower
05:52 Lumber Mill
06:05 Lumber Mill
06:27 Guard Tower
06:28 Guard Tower
06:30 Lumber Mill
06:31 Farm
06:41 Lumber Mill
07:48 Castle
07:51 Gryphon Aviary
07:52 Gryphon Aviary
08:12 Gryphon Aviary
08:13 Gryphon Aviary
08:25 Barracks
10:13 Farm
10:15 Farm
10:18 Farm
10:20 Farm
11:26 Farm
11:27 Farm
12:48 Farm
12:50 Farm
12:52 Farm
14:39 Town Hall
15:26 Scout Tower
15:28 Scout Tower
15:30 Scout Tower
15:33 Scout Tower
16:28 Guard Tower
16:33 Scout Tower
16:34 Scout Tower
16:35 Scout Tower
16:37 Scout Tower
16:38 Scout Tower
16:40 Scout Tower
16:43 Scout Tower
16:45 Scout Tower
16:47 Scout Tower
16:49 Guard Tower
17:03 Guard Tower
17:04 Guard Tower
17:07 Guard Tower
17:09 Guard Tower
17:11 Guard Tower
17:12 Guard Tower
17:17 Guard Tower
17:25 Scout Tower
17:27 Scout Tower
17:29 Scout Tower
18:35 Arcane Tower
19:31 Arcane Tower
19:40 Scout Tower
19:41 Scout Tower
» items
| Scroll of Regeneration | 3 | |
| Lesser Clarity Potion | 4 | |
| Scroll of Town Portal | 2 | |
| Potion of Healing | 1 | |
10 total
team 2 (loser)
mekaneck222 (
orange | 28 APM | 495 actions | 17:53)
3 Warden
2 Shadow Strike
1 Blink
1 Keeper of the Grove
1 Entangling Roots
» actions
| Basic commands | 7 | |
| Build / train | 59 | |
| Enter build submenu | 14 | |
| Enter hero's abilities submenu | 4 | |
| Remove unit from queue | 1 | |
| Right click | 197 | |
| Select / deselect | 178 | |
| Use ability | 35 | |
495 total
» units
| Wisp | 13 | |
| Archer | 9 | |
| Dryad | 9 | |
| Hippogryph | 9 | |
| Chimaera | 2 | |
42 total
» upgrades
| Strength of the Wild | 2 | |
| Reinforced Hides | 2 | |
| Ultravision | 1 | |
| Abolish Magic | 1 | |
| Corrosive Breath | 1 | |
7 total
» buildings
| Moon Well | 6 | |
| Altar of Elders | 1 | |
| Ancient of War | 1 | |
| Hunter's Hall | 1 | |
| Ancient of Wonders | 1 | |
| Tree of Ages | 1 | |
| Ancient of Lore | 1 | |
| Ancient of Wind | 1 | |
| Tree of Eternity | 1 | |
| Chimaera Roost | 2 | |
16 total
» build order
00:22 Moon Well
00:35 Altar of Elders
00:50 Ancient of War
01:39 Moon Well
02:25 Hunter's Hall
03:00 Moon Well
03:05 Ancient of Wonders
04:58 Tree of Ages
05:24 Moon Well
07:36 Ancient of Lore
07:39 Ancient of Wind
10:59 Tree of Eternity
11:04 Moon Well
11:07 Moon Well
15:45 Chimaera Roost
15:50 Chimaera Roost
» items
pmltetimeslice (
purple | 66 APM | 1324 actions | 20:04)
3 Blademaster
1 Wind Walk
2 Critical Strike
» actions
| Assign group hotkey | 36 | |
| Build / train | 44 | |
| Enter build submenu | 13 | |
| Enter hero's abilities submenu | 3 | |
| Remove unit from queue | 3 | |
| Right click | 645 | |
| Select / deselect | 273 | |
| Select group hotkey | 235 | |
| Use ability | 72 | |
1324 total
» units
| Peon | 7 | |
| Grunt | 9 | |
| Raider | 5 | |
| Hippogryph | 3 | |
24 total
» upgrades
» buildings
| Orc Burrow | 5 | |
| Altar of Storms | 1 | |
| Barracks | 1 | |
| Stronghold | 1 | |
| War Mill | 1 | |
| Voodoo Lounge | 1 | |
| Beastiary | 2 | |
| Great Hall | 1 | |
13 total
» build order
00:26 Orc Burrow
00:28 Altar of Storms
00:38 Barracks
01:59 Orc Burrow
05:06 Stronghold
05:39 War Mill
05:43 Voodoo Lounge
08:23 Beastiary
08:27 Beastiary
10:00 Orc Burrow
11:57 Orc Burrow
12:00 Orc Burrow
16:01 Great Hall
» items
| Circlet of Nobility | 1 | |
| Dust of Appearance | 1 | |
| Lesser Clarity Potion | 3 | |
| Healing Salve | 2 | |
| Scroll of Speed | 2 | |
9 total
HnYo (
red | 65 APM | 1283 actions | 19:39)
4 Blademaster
2 Wind Walk
2 Critical Strike
2 Shadow Hunter
1 Hex
1 Healing Wave
» actions
| Assign group hotkey | 10 | |
| Basic commands | 3 | |
| Build / train | 46 | |
| Enter build submenu | 19 | |
| Enter hero's abilities submenu | 6 | |
| Give item / drop item | 1 | |
| Right click | 930 | |
| Select / deselect | 177 | |
| Select group hotkey | 32 | |
| Use ability | 59 | |
1283 total
» units
| Peon | 15 | |
| Grunt | 12 | |
| Tauren | 1 | |
| Shaman | 2 | |
30 total
» upgrades
| Shaman Training | 2 | |
| Pulverize | 1 | |
3 total
» buildings
| Altar of Storms | 1 | |
| Orc Burrow | 9 | |
| Barracks | 1 | |
| Voodoo Lounge | 2 | |
| Stronghold | 1 | |
| Fortress | 1 | |
| Spirit Lodge | 1 | |
| War Mill | 1 | |
| Tauren Totem | 2 | |
19 total
» build order
00:08 Altar of Storms
00:11 Orc Burrow
00:28 Barracks
01:34 Orc Burrow
02:04 Voodoo Lounge
03:00 Orc Burrow
05:09 Stronghold
05:17 Orc Burrow
08:41 Fortress
08:44 Spirit Lodge
10:22 Orc Burrow
10:44 Orc Burrow
10:47 Orc Burrow
10:49 War Mill
11:02 Voodoo Lounge
11:20 Orc Burrow
13:08 Tauren Totem
13:48 Tauren Totem
13:55 Orc Burrow
» items
| Healing Salve | 1 | |
| Lesser Clarity Potion | 1 | |
| Orb of Lightning | 1 | |
3 total

»
Markusz9293 (
green | 78 APM | 1546 actions | 19:42)
4 Warden
2 Fan of Knives
2 Shadow Strike
» actions
| Assign group hotkey | 17 | |
| Basic commands | 102 | |
| Build / train | 54 | |
| Enter build submenu | 17 | |
| Enter hero's abilities submenu | 4 | |
| Remove unit from queue | 2 | |
| Right click | 917 | |
| Select / deselect | 294 | |
| Select group hotkey | 76 | |
| Use ability | 63 | |
1546 total
» units
| Wisp | 11 | |
| Archer | 4 | |
| Huntress | 7 | |
| Mountain Giant | 3 | |
| Chimaera | 4 | |
29 total
» upgrades
| Strength of the Moon | 2 | |
| Moon Armor | 1 | |
| Strength of the Wild | 3 | |
| Reinforced Hides | 3 | |
| Hardened Skin | 1 | |
| Resistant Skin | 1 | |
| Corrosive Breath | 1 | |
| Upgrade Moon Glaive | 1 | |
13 total
» buildings
| Altar of Elders | 1 | |
| Ancient of War | 1 | |
| Moon Well | 6 | |
| Hunter's Hall | 1 | |
| Tree of Ages | 1 | |
| Tree of Eternity | 1 | |
| Ancient of Lore | 1 | |
| Ancient of Wind | 1 | |
| Ancient of Wonders | 1 | |
| Chimaera Roost | 1 | |
15 total
» build order
00:11 Altar of Elders
00:24 Ancient of War
00:32 Moon Well
01:46 Moon Well
02:15 Moon Well
02:37 Hunter's Hall
05:38 Tree of Ages
08:58 Tree of Eternity
09:01 Ancient of Lore
09:13 Ancient of Wind
09:21 Moon Well
10:23 Moon Well
10:30 Ancient of Wonders
11:26 Chimaera Roost
15:20 Moon Well
» items
| Scroll of Healing | 2 | |
| Orb of Venom | 1 | |
3 total
Chat log
(00:15 / Allies) ProtoGod: melee
(00:49 / All) ProtoGod: anyone see the GoT trailer?
(01:17 / All) WTFMYTEAMISNOOB: no
(04:00 / Allies) ProtoGod: back in base
(04:03 / Allies) ProtoGod: guys we have 3 here
(04:17 / Allies) LukeIamUrAFK: hang ong
(04:19 / Allies) LukeIamUrAFK: I need health
(04:36 / Allies) WTFMYTEAMISNOOB: hang on he says
(05:11 / Allies) ProtoGod: ok ty
(05:42 / All) ProtoGod: thas what u get for trying to rush on a pro team
(07:47 / Allies) ProtoGod: stay back
(07:48 / Allies) ProtoGod: ill tp
(07:50 / Allies) ProtoGod: hitting thme first
(08:45 / Allies) WTFMYTEAMISNOOB: where is everyone lopl
(09:16 / Allies) LukeIamUrAFK: gold
(09:29 / Allies) ProtoGod: hes fucked
(14:06 / Allies) ProtoGod: yo
(14:16 / Allies) WTFMYTEAMISNOOB: hes fine
(14:29 / Allies) ProtoGod: master sham and tauren out now
(14:32 / Allies) ProtoGod: lets do some damage
(15:28 / Allies) ProtoGod: spare gold plz
(16:36 / All) ProtoGod: ...
(16:38 / Allies) WTFMYTEAMISNOOB: inferno stone lol
(17:00 / Allies) ProtoGod: whsoe ready to hit
(17:03 / Allies) WTFMYTEAMISNOOB: me
(17:10 / Allies) ProtoGod: easiest base
(17:12 / Allies) ProtoGod: lets go
(17:18 / Allies) ProtoGod: ill lead
(17:23 / Allies) LukeIamUrAFK: bm
(17:49 / All) WTFMYTEAMISNOOB: guys
(17:53 / All) WTFMYTEAMISNOOB: wake up
(18:08 / All) LukeIamUrAFK: did you guys have fun this game?
(18:12 / All) LukeIamUrAFK: you had a pretty good rush attempt
(19:42 / All) ProtoGod: u know someone is good when they get master sorc